AoeStats
← Filermon

Golden Pit

510091118Analyzed
1v1 RM · 2d ago on Sep 29, 2026· 29m 49s· 2 players
Game mode
Random Map
Map size
Tiny (2 player)
Population
200
Speed
Normal
Resources
Standard
Victory
Conquest
Starting age
Dark Age
Ending age
Imperial Age
RankedLock teamsTeams togetherTeam positionsShared explorationLock speedFull tech treeHidden civsTurbo modeCheats
Victory
Defeat
🇮🇱 Magyars · Israel
1051
+16
🇪🇸 Danes · Spain
1043
-16
fmoraisc
5:25 Loom
15:07 Feudal Age
18:25 Double-Bit Axe
23:02 Forging
22:54 Scale Mail Armor
22:44 Arson
25:02 Castle Age
26:04 Wheelbarrow
27:00 Iron Casting
25:52 Pikeman
27:05 Gambesons
Filermon
7:05 Loom
9:47 Feudal Age
10:29 Double-Bit Axe
10:26 Horse Collar
21:35 Castle Age
19:57 Scale Barding Armor
21:27 Bloodlines
21:41 Gold Mining
23:11 Gold Shaft Mining
26:14 Chain Barding Armor
Connection lost

Rejoining the realm…

Still unreachable

The connection could not be restored.

Session expired

The server has moved on; the page needs a fresh start.